 Dungeon Crawl Stone Soup version 0.27-a0-720-g3f424a255b (webtiles) character file.

Game seed: 13741554349877485894

28 PentaManta the Ruffian (level 3, 0/31 HPs)
             Began as a Ghoul Monk on Mar 23, 2021.
             Slain by a gnoll
             ... wielding a +0 whip
              (6 damage)
             ... on level 1 of the Dungeon.
             The game lasted 00:01:46 (1289 turns).

PentaManta the Ruffian (Ghoul Monk)                 Turns: 1289, Time: 00:01:47

Health: 0/31       AC:  5    Str: 15    XL:     3   Next: 12%
Magic:  2/2        EV: 11    Int: 11    God:
Gold:   14         SH:  0    Dex: 11    Spells: 2/2 levels left

rFire    . . .     SeeInvis .     - Unarmed
rCold    + . .     Faith    .   (no shield)
rNeg     + + +     Spirit   .   h - +0 ring mail
rPois    ∞         Reflect  .   (no helmet)
rElec    .         Harm     .   (no cloak)
rCorr    .         Rampage  .   (no gloves)
Will     .....                  (no boots)
Stlth    +.........             (no amulet)
HPRegen  0.00/turn              g - +6 ring of intelligence
MPRegen  0.08/turn              (no ring)

@: no status effects
A: claws 1, cold resistance 1, negative energy resistance 3, inhibited
regeneration, torment resistance 2, unbreathing 1
a: no special abilities


You were on level 1 of the Dungeon.
You visited 1 branch of the dungeon, and saw 2 of its levels.

You collected 14 gold pieces.

Inventory:

Armour
 h - a +0 ring mail (worn)
Jewellery
 g - a +6 ring of intelligence (right claw)
Scrolls
 b - a scroll of fog {unknown}
 d - 3 scrolls of blinking {unknown}
Potions
 a - a potion of curing {unknown}
 c - a potion of attraction {unknown}
 e - a potion of heal wounds {unknown}
 f - a potion of berserk rage {unknown}


   Skills:
 - Level 3.2 Fighting
 - Level 2.6 Dodging
 - Level 2.1 Stealth
 + Level 4.6 Unarmed Combat


You had 2 spell levels left.
You didn't know any spells.
Your spell library was empty.

Dungeon Overview and Level Annotations

Branches:
Dungeon (2/15)

Altars:

Annotations:
D:1 1 exclusion


Innate Abilities, Weirdness & Mutations

You thrive by killing the living.
You are immune to poison.
You have sharp fingernails.
Your flesh is cold resistant. (rC+)
You are immune to negative energy. (rN+++)
You do not regenerate when monsters are visible.
You are immune to unholy pain and torment.
You can survive without breathing.


Message History

Your experience leads to an increase in your attributes!
Your base attributes are Str 14, Int 5, Dex 11.
Increase (S)trength, (I)ntelligence, or (D)exterity?
You feel stronger.
You start resting.
HP restored.
You climb downwards.
The gnoll barely misses you. x2
The goblin closely misses you. The gnoll closely misses you.
The gnoll hits you with a +0 whip.
There is a stone staircase leading up here.
The goblin misses you. The gnoll closely misses you.
The gnoll hits you from afar with a +0 spear.
The gnoll hits you with a +0 whip.
You climb upwards.
Level annotation: 1 exclusion
There is a stone staircase leading down here.
You scratch the goblin.
The goblin is moderately wounded.
The goblin hits you but does no damage. The gnoll hits you with a +0 club.
You scratch the goblin.
The goblin is heavily wounded.
The goblin closely misses you. The gnoll hits you with a +0 club.
You scratch the goblin.
You kill the goblin!
The gnoll barely misses you.
You closely miss the gnoll. The gnoll hits you with a +0 whip.
The gnoll barely misses you.
You barely miss the gnoll. The gnoll barely misses you.
You scratch the gnoll.
The gnoll is moderately wounded.
The gnoll closely misses you. The gnoll hits you with a +0 whip.
* * * LOW HITPOINT WARNING * * *
You barely miss the gnoll.
The gnoll is moderately wounded.
The gnoll barely misses you. The gnoll hits you with a +0 whip.
* * * LOW HITPOINT WARNING * * *
You claw the gnoll! Your claw misses the gnoll.
The gnoll is almost dead.
The gnoll barely misses you. The gnoll hits you with a +0 whip.
You die...

#.#....# #.........#.#.# #.#
#.#....# #.........'.#.# #.#
#.#...(# #.........###.# #.#
#.#....# ##'##+#.......# #.#
#.#....# #.##.#...##### #.#
##.#....####.##.#.###########.#
............................#.#
##.......###.##############.#.#
##.......'.....g@g.......##.#.#
....(....###.###########.##.#.#
.#.#.#...# #># #.##.#.#
.........# #.# #.##.#.#
.#.#.#.#####'###### #.##.#.#
.................[# #.##.#.#
.#.#.#............# #.##.#.#
(..............(..# ####.###
.#.#.#............# #8...8#


You could see 2 gnolls.

Vanquished Creatures
  A gnoll (D:1)
  A dart slug (D:1)
  A goblin (D:1)
  4 hobgoblins (D:1)
  2 jackals (D:1)
  An ooze (D:1)
  A bat (D:1)
  A frilled lizard (D:1)
  4 rats
16 creatures vanquished.

Notes
Turn   | Place    | Note
-------+----------+-------------------------------------------
     0 | D:1      | PentaManta the Ghoul Monk began the quest for the Orb.
     0 | D:1      | Reached XP level 1. HP: 19/19 MP: 0/0
   272 | D:1      | Reached XP level 2. HP: 22/26 MP: 1/1
   439 | D:1      | Reached skill level 4 in Unarmed Combat
  1214 | D:1      | Reached XP level 3. HP: 24/31 MP: 2/2
  1289 | D:1      | Slain by a gnoll

Illustrated notes

Levels and vault maps discovered:
D:1:      lightli_molten_gateway, layout_basic, serial_glass, glass_columns_b,
          glass_columns_c, minmay_misc_feat_hallway
D:2:      layout_basic

Skill      XL: |  1  2 |
---------------+-------+-----
Unarmed Combat | 4 |  4.6
Fighting       | |  3.2
Dodging        | |  2.6
Stealth        | |  2.1

Action                   || total
-------------------------++-------
Melee: Unarmed           ||    42
 Stab: Sleeping          ||     1
Armor: Robe              ||     3
       Ring mail         ||     2
Dodge: Dodged            ||    33

Table legend: (Time is in decaauts)
 A = Elapsed time spent in this place.
 B = Non-inter-level travel time spent in this place.
 C = Inter-level travel time spent in this place.
 D = Time resting spent in this place.
 E = Time spent auto-exploring this place.
 F = Levels seen in this place.
 G = Mean time per level.
                   A        B        C        D        E       F      G
               +--------+--------+--------+--------+--------+-----+--------+
         Total |   1287 |   1206 |     81 |     64 |   1009 |   2 |  643.5 |
       Dungeon |   1287 |   1206 |     81 |     64 |   1009 |   2 |  643.5 |
               +--------+--------+--------+--------+--------+-----+--------+

Top non-repeatable levels by time:
     D:1: 1258 daAuts
     D:2: 28 daAuts
